 Seeded DCSS version 0.29-a0-506-ga2e7fffb44 (webtiles) character file.

Game seed: 6875309 (custom seed)

148 davecave the Vandal (level 5, -10/38 HPs)
             Began as a Demonspawn Hunter on May 28, 2022.
             Mangled by an iguana (13 damage)
             ... on level 5 of the Dungeon.
             The game lasted 00:05:48 (3013 turns).

davecave the Vandal (Demonspawn Hunter)             Turns: 3013, Time: 00:05:48

Health: -10/38     AC:  4    Str: 11    XL:     5   Next: 8%
Magic:  5/5        EV: 12    Int: 11    God:
Gold:   189        SH:  0    Dex: 18    Spells: 4/4 levels left

rFire   . . .      SeeInvis .   a - +1 hunting sling
rCold   . . .      Faith    .   (no shield)
rNeg    . . .      Spirit   .   b - +0 leather armour
rPois   .          Reflect  .   p - +0 helmet
rElec   .          Harm     .   (no cloak)
rCorr   .          Rampage  .   (no gloves)
Will    .....                   (no boots)
Stlth   ++........              (no amulet)
HPRegen 0.12/turn               (no ring)
MPRegen 0.09/turn               (no ring)

@: no status effects
A: hooves 2
a: no special abilities


You were on level 5 of the Dungeon.
You visited 1 branch of the dungeon, and saw 5 of its levels.

You collected 189 gold pieces.

Inventory:

Hand Weapons
 a - a +1 hunting sling (weapon)
 e - a +2 trident of freezing
Missiles
 f - 2 throwing nets
Armour
 b - a +0 leather armour (worn)
 m - a +0 plate armour
 p - a +0 helmet (worn)
Jewellery
 d - a ring of fire
Scrolls
 c - 2 scrolls of immolation
 g - a scroll of teleportation
 i - a scroll of noise
 j - a scroll of amnesia
 l - a scroll of fog
Potions
 h - a potion of might {unknown}
 k - 2 potions of curing
 n - a potion of brilliance
 o - 4 potions of mutation


   Skills:
 - Level 2.0 Fighting
 + Level 5.6 Slings
 - Level 2.2 Dodging
 - Level 1.0 Stealth


You had 4 spell levels left.
You didn't know any spells.
Your spell library contained the following spells:

 Spells                   Type           Power      Damage    Failure   Level
 Freeze                   Ice            0%         1d3       43%         1
 Shock                    Conj/Air       0%         1d3       43%         1
 Call Canine Familiar     Summ           0%         N/A       80%         3
 Frozen Ramparts          Ice            0%         1d2       80%         3
 Portal Projectile        Hex/Tloc       0%         N/A       80%         3
 Swiftness                Air            0%         N/A       80%         3
 Airstrike                Air            0%         N/A       99%         4
 Hailstorm                Conj/Ice       0%         3d3       99%         4
 Ice Form                 Ice/Tmut       0%         N/A       99%         4
 Leda's Liquefaction      Hex/Erth       0%         N/A       99%         4
 Simulacrum               Ice/Necr       0%         N/A       100%        6


Dungeon Overview and Level Annotations

Branches:
Dungeon (5/15)
 Temple: D:4-7

Altars:
Cheibriados
Fedhas
Makhleb

Annotations:
D:4 Blork the orc


Innate Abilities, Weirdness & Mutations

You have hoof-like feet.


Message History

You are frozen.
The iguana barely misses you. The adder closely misses you.
You have reached level 5!
You shoot a sling bullet.
The sling bullet closely misses the iguana.
The adder barely misses you. The endoplasm freezes you.
You are frozen.
The iguana bites you!
You are too injured to fight recklessly!
Unknown command.
You are too injured to fight recklessly!
Unknown command.
You are too injured to fight recklessly!
Unknown command.
You are too injured to fight recklessly!
The adder attacks as you move away! The adder bites you.
The endoplasm freezes you.
You are frozen.
The adder closely misses you.
There is a stone staircase leading down here.
The endoplasm freezes you.
You are frozen.
* * * LOW HITPOINT WARNING * * *
The iguana bites you!
* * * LOW HITPOINT WARNING * * *
The adder closely misses you.
You climb downwards.
There is a stone staircase leading up here.
You are too injured to fight recklessly!
Unknown command.
You are too injured to fight recklessly!
Really attack while wielding your +1 hunting sling?
Okay, then.
Unknown command.
Fire: a) +1 hunting sling
Press: ? - help, Q - select action, (/) - cycle Shift-Dir - straight line, f - adder
Aim: an adder (46% to hit)
You shoot a sling bullet.
The sling bullet barely misses the adder.
The adder barely misses you. The iguana barely misses you.
The adder misses you. The iguana bites you!
You die...

###
#..
#.##
...#
#J.
#l#
#@#
#S#
#.#
#.#
#.#
..#
###


You could see an iguana, an adder and an endoplasm.

Vanquished Creatures
  An iguana (D:4)
  Robin (D:3)
  3 gnolls (D:2)
  An adder (D:2)
  A dart slug (D:1)
  6 ball pythons
  2 endoplasms
  A giant cockroach (D:3)
  6 hobgoblins
  4 jackals (D:1)
  8 kobolds
  6 quokkas
  3 bats
  2 frilled lizards
  15 goblins
  7 rats
67 creatures vanquished.

Notes
Turn   | Place    | Note
-------+----------+-------------------------------------------
     0 | D:1      | davecave the Demonspawn Hunter began the quest for the Orb.
     0 | D:1      | Reached XP level 1. HP: 16/16 MP: 1/1
     8 | D:1      | Reached skill level 1 in Stealth
   102 | D:1      | Discovered your monstrous ancestry.
   102 | D:1      | Gained mutation: You have large cloven feet. [demonic
                  | ancestry]
   102 | D:1      | Reached XP level 2. HP: 21/22 MP: 2/2
   543 | D:1      | Reached skill level 4 in Slings
   656 | D:1      | Found a faded altar of an unknown god.
   907 | D:2      | You fall into a shaft and drop 1 floor!
   907 | D:3      | Found a burning altar of Makhleb.
   907 | D:3      | Found a blossoming altar of Fedhas.
   913 | D:3      | Found a snail-covered altar of Cheibriados.
  1190 | D:3      | Gained mutation: You have hoof-like feet. [demonic
                  | ancestry]
  1190 | D:3      | Reached XP level 3. HP: 27/27 MP: 3/3
  1508 | D:3      | Noticed Robin
  1523 | D:3      | HP: 1/27 [goblin/+0 dagger[Robin] (5)]
  1897 | D:2      | Reached XP level 4. HP: 33/33 MP: 4/4
  1993 | D:2      | Reached skill level 5 in Slings
  2525 | D:3      | Killed Robin
  2978 | D:4      | Noticed Blork the orc
  3008 | D:4      | Reached XP level 5. HP: 32/38 MP: 5/5
  3011 | D:5      | Entered Level 5 of the Dungeon
  3013 | D:5      | Mangled by an iguana

Illustrated notes

Levels and vault maps discovered:
D:1:      dpeg_arrival_arbitrary_b, layout_basic,
          shapermc_ecumenical_altar_mp_ritualfount,
          chequers_serial_rivers_micro_c
D:2:      layout_loops_cross, minmay_unequal
D:3:      layout_loops_corners, minmay_overflow_temple_star_quad,
          solitary_fountain, uniq_robin
D:4:      layout_rooms, st_stairs_11, uniq_blork_the_orc
D:5:      layout_loops_ring, minmay_temple_entry_grid, uniq_duvessa

Skill      XL: |  1  2  3  4 |
---------------+-------------+-----
Stealth        | 1 |  1.0
Dodging        | 2 |  2.2
Slings         | 4 5 |  5.6
Fighting       | |  2.0

Action                   |  1- 3 |  4- 6 || total
-------------------------+-------+-------++-------
 Fire: Hunting sling     |   104 |    75 ||   179
  Use: Scroll            |     7 |     2 ||     9
       Potion            |     1 |       ||     1
Armor: Leather armour    |    16 |     3 ||    19
Dodge: Dodged            |    30 |    29 ||    59

Table legend: (Time is in decaauts)
 A = Elapsed time spent in this place.
 B = Non-inter-level travel time spent in this place.
 C = Inter-level travel time spent in this place.
 D = Time resting spent in this place.
 E = Time spent auto-exploring this place.
 F = Levels seen in this place.
 G = Mean time per level.
                   A        B        C        D        E       F      G
               +--------+--------+--------+--------+--------+-----+--------+
         Total |   3070 |   2811 |    259 |    255 |   2097 |   5 |  614.0 |
       Dungeon |   3070 |   2811 |    259 |    255 |   2097 |   5 |  614.0 |
               +--------+--------+--------+--------+--------+-----+--------+

Top non-repeatable levels by time:
     D:3: 1090 daAuts
     D:2: 981 daAuts
     D:1: 922 daAuts
     D:4: 75 daAuts
     D:5: 1 daAuts
